 Dungeon Crawl Stone Soup version 0.30-a0-1114-gd936c97349 (webtiles) character file.

Game seed: 3419557015637440379

67 GigaChad the Shield-Bearer (level 4, -1/37 HPs)
             Began as a Formicid Fighter on Apr 20, 2023.
             Slain by a gnoll
             ... wielding a +0 halberd
              (3 damage)
             ... on level 2 of the Dungeon.
             The game lasted 00:03:58 (1240 turns).

GigaChad the Shield-Bearer (Formicid Fighter)       Turns: 1240, Time: 00:03:59

Health: -1/37      AC:  7    Str: 22    XL:     4   Next: 40%
Magic:  4/4        EV:  9    Int:  8    God:
Gold:   72         SH:  5    Dex: 13    Spells: 3/3 levels left

rFire   . . .      SeeInvis +    a - +0 war axe
rCold   . . .      Faith    .    c - +0 buckler
rNeg    . . .      Spirit   .    b - +0 scale mail
rPois   .          Reflect  .    (helmet unavailable)
rElec   .          Rampage  .    (no cloak)
rCorr   .                        (no gloves)
Will    .....                    (no boots) Stlth
                                 (no amulet)
HPRegen 0.26/turn                (no ring)
MPRegen 0.09/turn                (no ring)

@: lethally poisoned (-1 -> -3)
A: permanent stasis, dig shafts and tunnels, antennae 3, four strong arms
a: Dig, Shaft Self


You were on level 2 of the Dungeon.
You visited 1 branch of the dungeon, and saw 2 of its levels.

You collected 72 gold pieces.

Inventory:

Hand Weapons
 a - a +0 war axe (weapon)
Missiles
 l - 2 throwing nets
Armour
 b - a +0 scale mail (worn)
 c - a +0 buckler (worn)
Scrolls
 g - a scroll of teleportation {unknown}
 h - 2 scrolls of identify
 k - a scroll of magic mapping
 o - 2 scrolls of immolation
 p - a scroll of fear
 q - a scroll of amnesia {unknown}
Potions
 d - 2 potions of might
 e - a potion of flight {unknown}
 f - a potion of attraction {unknown}
 i - 2 potions of brilliance {unknown}
 j - a potion of lignification {unknown}
 m - a potion of mutation {unknown}
 n - a potion of berserk rage {unknown}


   Skills:
 + Level 3.8 Fighting
 + Level 2.9 Axes
 + Level 3.8 Armour
 + Level 0.7 Dodging
 + Level 4.4 Shields


You had 3 spell levels left.
You didn't know any spells.
Your spell library contained the following spells:

 Spells                   Type           Power      Damage    Failure   Level
 Borgnjor's Revivificati  Necr           0%         N/A       100%        8
 Necromutation            Tmut/Necr      0%         N/A       100%        8
 Death's Door             Necr           0%         N/A       100%        9


Dungeon Overview and Level Annotations

Branches:
Dungeon (2/15)

Altars:


Innate Abilities, Weirdness & Mutations

You cannot be hasted, slowed, berserked, paralysed or teleported.
You can dig through walls and to a lower floor.
You have a pair of large antennae on your head. (SInv)
Your four strong arms can wield two-handed weapons with a shield.


Message History

A ball python comes into view.
The adder bites you.
You are more poisoned.
The adder poisons you!
The gnoll hits you from afar with a +0 halberd.
The gnoll hits you from afar with a +0 halberd!
The adder closely misses you.
The gnoll hits you from afar with a +0 halberd!
The gnoll closely misses you.
The ball python moves out of view.
You are too injured to fight recklessly!
Unknown command.
You are too injured to fight recklessly!
You are too injured to fight recklessly!
Unknown command.
You feel very sick.
The ball python hisses angrily.
The adder bites you but does no damage. The gnoll completely misses you.
The gnoll closely misses you.
Unknown command.
You closely miss the adder.
The adder is almost dead.
You feel sick. The adder bites you but does no damage.
The gnoll closely misses you.
The gnoll hits you from afar with a +0 halberd.
* * * LOW HITPOINT WARNING * * *
The adder bites you but does no damage.
You hit the adder.
The adder is almost dead.
* * * LOW HITPOINT WARNING * * *
You feel sick. The adder closely misses you. The gnoll barely misses you.
The gnoll hits you from afar with a +0 halberd.
* * * LOW HITPOINT WARNING * * *
You block the adder's attack. The gnoll misses you.
The gnoll hits you but does no damage.
You completely miss the adder.
The adder is almost dead.
* * * LOW HITPOINT WARNING * * *
You feel sick. The adder barely misses you.
The gnoll hits you from afar with a +0 halberd.
You die...

,*,*,#....####..##..#
,*,*,#......#.#.#...#
,*,*,#.....##.###..,*
,*+*,#....#.....#.#**
,,,,^#....###(##..#
,,,,,###..#.#.#,,.## ,,,,,*
#.##..####..#
,*+*,**#........#.g#####*********
,>{{,,,+.....†..@SggS...,,,,,,,,,
,*,****#.......!.######.,,,,,,,,,
**,**###.........# *,,,,,,,,,,
,,,,?............# *,,,,,,,,,,
,,,..............# *,,,,,,,,,,
,,,......####+####*****,,,,,,,,,,
,,,......* *,* *,,,,,,,,,,,,,,,
,,,...$..* *,* *,,,,,,,,,,,,,,,
**,######****,* *{,,,,,,,,,,,,,,


You could see 3 gnolls, an adder and a ball python.

Vanquished Creatures
  Robin (D:2)
  An adder (D:2)
  A dart slug (D:1)
  4 ball pythons
  2 endoplasms (D:1)
  9 goblins
  7 hobgoblins
  2 jackals (D:1)
  A quokka (D:1)
  5 bats
  4 kobolds (D:1)
  5 rats
42 creatures vanquished.

Notes
Turn   | Place    | Note
-------+----------+-------------------------------------------
     0 | D:1      | GigaChad the Formicid Fighter began the quest for the Orb.
     0 | D:1      | Reached XP level 1. HP: 18/18 MP: 1/1
    51 | D:1      | Reached XP level 2. HP: 16/24 MP: 2/2
   131 | D:1      | Found a faded altar of an unknown god.
   375 | D:1      | Reached XP level 3. HP: 17/29 MP: 3/3
   806 | D:2      | Noticed Robin
   820 | D:2      | Reached XP level 4. HP: 8/37 MP: 4/4
   823 | D:2      | Killed Robin
  1240 | D:2      | Slain by a gnoll

Illustrated notes

Levels and vault maps discovered:
D:1:      dpeg_arrival_tiny_i, layout_loops_cross,
          hellmonk_ecumenical_altar_lost_god, minmay_box_of_dots
D:2:      layout_basic, serial_shops, shop, minmay_crystal_water,
          minmay_octomino_j4, uniq_robin, uniq_sigmund, uniq_natasha

Action                     |  1- 3 |  4- 6 || total
---------------------------+-------+-------++-------
  Melee: War axe           |    80 |    22 ||   102
    Use: Scroll            |       |     5 ||     5
 Armour: Scale mail        |    64 |    17 ||    81
  Dodge: Dodged            |    46 |    28 ||    74
  Block: Buckler           |    26 |    11 ||    37

Table legend: (Time is in decaauts)
 A = Elapsed time spent in this place.
 B = Non-inter-level travel time spent in this place.
 C = Inter-level travel time spent in this place.
 D = Time resting spent in this place.
 E = Time spent auto-exploring this place.
 F = Levels seen in this place.
 G = Mean time per level.
                   A        B        C        D        E       F      G
               +--------+--------+--------+--------+--------+-----+--------+
         Total |   1281 |   1264 |     17 |    326 |    666 |   2 |  640.5 |
       Dungeon |   1281 |   1264 |     17 |    326 |    666 |   2 |  640.5 |
               +--------+--------+--------+--------+--------+-----+--------+

Top non-repeatable levels by time:
     D:1: 821 daAuts
     D:2: 460 daAuts
